AoeStats
← Drydaitas

Nomad

510191943Analyzed
2v2 RM · 1d ago on Sep 29, 2026· 46m 35s· 4 players
Game mode
Random Map
Map size
176×176
Population
200
Speed
Normal
Resources
Standard
Victory
Conquest
Starting age
Dark Age
Ending age
Imperial Age
RankedLock teamsTeams togetherTeam positionsShared explorationLock speedFull tech treeHidden civsTurbo modeCheats
Victory
Defeat
🇨🇴 Huns · Colombia
1400
+16
🇫🇷 Vietnamese · France
1391
+17
🇨🇿 Armenians · Czechia
1421
-17
🇨🇿 Berbers · Czechia
1392
-16
Volrath
12:35 Loom
15:49 Feudal Age
16:14 Double-Bit Axe
16:32 Fishing Lines
16:53 Gold Mining
19:29 Castle Age
17:54 Fletching
18:30 Padded Archer Armor
18:17 Town Watch
19:08 Wheelbarrow
20:34 Bow Saw
21:01 Gold Shaft Mining
20:18 Gillnets
20:25 Bodkin Arrow
20:51 Husbandry
21:01 Bloodlines
22:14 Ballistics
22:21 Clinker Construction
22:25 Horse Collar
23:42 Hand Cart
24:48 Leather Archer Armor
25:16 Thumb Ring
28:25 Imperial Age
28:31 Scale Barding Armor
28:37 Forging
28:38 Stone Mining
29:12 Bracer
30:13 Chemistry
29:40 Parthian Tactics
30:49 Heavy Cavalry Archer
31:53 Heavy Plow
32:13 Guilds
34:16 Conscription
35:12 Chain Barding Armor
36:50 Plate Barding Armor
37:47 Iron Casting
37:20 Elite Tarkan
38:24 Marauders
42:31 Blast Furnace
FLEJEUNE
5:30 Loom
15:26 Feudal Age
15:59 Fishing Lines
16:35 Gold Mining
21:37 Castle Age
19:36 Town Watch
21:42 Fletching
22:30 Gillnets
24:32 Scale Barding Armor
25:25 Husbandry
25:47 Chain Barding Armor
25:52 Medium Warships
28:01 Bloodlines
31:52 Stone Mining
34:01 Forging
35:48 Iron Casting
36:34 Bodkin Arrow
36:40 Padded Archer Armor
38:09 Wheelbarrow
41:17 Imperial Age
40:22 Leather Archer Armor
41:54 Double-Bit Axe
42:46 Stone Shaft Mining
42:13 Bracer
42:51 Hand Cart
42:45 Town Patrol
43:19 Ring Archer Armor
43:47 Thumb Ring
44:50 Ballistics
45:25 Paper Money
46:18 Chemistry
46:24 Elite Rattan Archer
Drydaitas
4:45 Loom
13:34 Feudal Age
13:51 Man-at-Arms
14:27 Double-Bit Axe
15:09 Scale Mail Armor
14:48 Long Swordsman
15:57 Arson
16:16 Horse Collar
16:55 Forging
23:14 Castle Age
21:08 Fletching
21:32 Gold Mining
21:33 Stone Mining
23:33 Padded Archer Armor
24:07 Bow Saw
23:58 Heavy Plow
24:40 Wheelbarrow
24:19 Bodkin Arrow
24:29 Squires
24:15 Gambesons
25:10 Gold Shaft Mining
26:18 Hand Cart
26:34 Town Watch
27:10 Elite Skirmisher
29:11 Two-Handed Swordsman
30:08 Chain Mail Armor
31:01 Ballistics
37:10 Imperial Age
34:35 Pikeman
36:25 Iron Casting
36:48 Murder Holes
37:40 Leather Archer Armor
37:47 Masonry
38:19 Halberdier
40:06 Plate Mail Armor
43:30 Chemistry
43:14 Bracer
Sikfred
4:12 Loom
11:59 Feudal Age
15:13 Double-Bit Axe
16:18 Horse Collar
20:56 Castle Age
21:17 Gold Mining
23:24 Scale Barding Armor
23:33 Stone Mining
23:36 Fletching
26:48 Chain Barding Armor
26:38 Forging
27:25 Bodkin Arrow
30:22 Padded Archer Armor
31:36 Ballistics
32:04 Bow Saw
32:39 Leather Archer Armor
33:47 Heavy Plow
36:17 Murder Holes
41:25 Imperial Age
41:37 Elite Camel Archer
43:36 Husbandry
43:47 Bloodlines
45:03 Chemistry
44:10 Siege Engineers
45:21 Bracer
46:18 Heavy Camel Rider
Connection lost

Rejoining the realm…

Still unreachable

The connection could not be restored.

Session expired

The server has moved on; the page needs a fresh start.